 Dungeon Crawl Stone Soup version 0.18-a0-1748-g7377c14 (webtiles) character file.

805 M4edhros the Insei (level 7, -5/41 HPs)
             Began as an Octopode Necromancer on Apr 12, 2016.
             Slain by a wight
             ... wielding a +0 morningstar
              (9 damage)
             ... on level 6 of the Dungeon.
             The game lasted 00:14:38 (2245 turns).

M4edhros the Insei (Octopode Necromancer)           Turns: 2245, Time: 00:14:40

Health: -5/41      AC:  1    Str:  7    XL:     7   Next: 91%
Magic:  0/10       EV: 12    Int: 18    God:
Gold:   185        SH:  0    Dex: 16    Spells: 3 memorised, 5 levels left

rFire  . . .     SeeInvis .     t - +1 short sword (elec)
rCold  . . .     Gourm    .     (no shield)
rNeg   . . .     Faith    .     (helmet restricted)
rPois  .         Spirit   .     (no amulet)
rElec  .         Dismiss  .     n - ring of protection from magic
rCorr  .         Reflect  .     g - ring of wizardry
SustAt .         Harm     .     (no ring)
MR     +....     Rnd*Tele +     (no ring)
Stlth  ++++......               (no ring)
                                (no ring)
                                (no ring)
                                (no ring)

@: about to teleport, very slightly contaminated, drained, somewhat resistant to
hostile enchantments, stealthy
A: almost no armour, amphibious, 8 rings, constrict 8, camouflage 1, agile 1,
screaming 1, teleportitis 1, gelatinous body 1
a: no special abilities


You were on level 6 of the Dungeon.
You were not hungry.

You visited 1 branch of the dungeon, and saw 6 of its levels.

You collected 185 gold pieces.

Inventory:

Hand Weapons
 d - a +0 short sword of venom
 f - a +0 hunting sling
 t - a +1 short sword of electrocution (weapon)
Missiles
 e - 34 sling bullets
 j - 8 tomahawks (quivered)
 l - a throwing net
 o - 17 poisoned needles
 r - 6 needles of confusion
Jewellery
 g - a ring of wizardry (right tentacle)
 n - a ring of protection from magic (left tentacle)
Scrolls
 c - a scroll of teleportation
 h - 2 scrolls of fear {unknown}
 i - 2 scrolls of fog {unknown}
 k - 3 scrolls of immolation
 m - 2 scrolls of remove curse {unknown}
 q - 2 scrolls of magic mapping {unknown}
 s - a scroll of noise {unknown}
 y - a scroll of enchant weapon {unknown}
Potions
 p - a potion of curing
 u - a potion of might
 x - a potion of mutation
Books
 a - a book of Necromancy

   Spells                             Type                      Level
   a - Pain                           Necromancy                   1
   b - Animate Skeleton               Necromancy                   1
   c - Vampiric Draining              Necromancy                   3
   d - Regeneration                   Charms/Necromancy            3
   e - Animate Dead                   Necromancy                   4
   f - Control Undead                 Necromancy                   4
Comestibles
 b - 3 bread rations
 w - a slice of pizza
 z - a meat ration
 A - 2 chunks of flesh


   Skills:
 + Level 3.8(3.2) Short Blades
 - Level 2.0(1.4) Dodging
 + Level 5.6(5.0) Stealth
 - Level 6.0(5.4) Unarmed Combat
 - Level 2.0(1.4) Spellcasting
 - Level 2.1(1.5) Charms
 - Level 4.0(3.4) Necromancy


You had 5 spell levels left.
You knew the following spells:

 Your Spells              Type           Power        Failure   Level  Hunger
a - Pain                  Necr           ##..         2%          1    ##.....
b - Animate Skeleton      Necr           N/A          2%          1    ##.....
c - Regeneration          Chrm/Necr      ##........   10%         3    ####...


Dungeon Overview and Level Annotations

Branches:
Dungeon (6/15)
 Temple: D:4-7

Altars:
Nemelex Xobeh
Trog
Yredelemnul


Innate Abilities, Weirdness & Mutations

You cannot wear most types of armour.
You are amphibious.
You can wear up to eight rings at the same time.
You can use your tentacles to constrict eight enemies at once.
Your skin changes colour to match your surroundings (Stealth).
Your rubbery body absorbs attacks (AC +1).
You are agile. (Dex +2)
You occasionally shout uncontrollably at your foes.
You are occasionally teleported next to monsters.


Message History

The acid burns!
* * * LOW HITPOINT WARNING * * *
Read which item? (? for menu, Esc to quit)
Okay, then.
Drink which item? (? for menu, Esc to quit)
You feel much better. The jelly closely misses you.
Read which item? (? for menu, Esc to quit)
As you read the scroll of teleportation, it crumbles to dust.
You feel strangely unstable. The wight closely misses you.
The jelly closely misses you. The wight hits you with a morningstar!
The wight barely misses you.
The wight hits you with an enchanted dagger.
The wight hits you with an enchanted short sword.
Your skin stops crawling.
The wight hits you with an enchanted dire flail!
* * * LOW HITPOINT WARNING * * *
You feel drained.
* * * LOW HITPOINT WARNING * * *
The wight hits you with a morningstar!
You die...

... ..... ########......
##...>....).....
##................
#######.................
#......zz@..............
#.#####Jzz..............
#.# ####...............
#.# #...##..............
#.##.....##...z.........
#)#..!....#........##.#
#....._...######..##
.#### ###.......#
###..#..# #.. ##.....##
#).....# #..


You could see a jelly and 5 wights.

Vanquished Creatures
  Sigmund (D:2)
  A water moccasin (D:6)
  The ghost of nono the Sneak, an amateur VSEn of Ashenzari (D:4)
  A water moccasin skeleton (D:4)
  A crimson imp (D:6)
  A jelly (D:5)
  A centaur skeleton (D:4)
  A hound (D:6)
  An orc priest (D:3)
  Jessica (D:3)
  2 worker ants (D:5)
  3 gnolls (D:2)
  2 adders
  An ooze (D:2)
  An adder skeleton (D:5)
  2 worms
  A dart slug (D:1)
  A giant gecko (D:5)
  13 orcs
  4 bats
  2 giant cockroaches
  7 goblins
  7 hobgoblins
  2 ball pythons
  3 giant newts
  2 kobolds
  A quokka skeleton (D:6)
  10 rats
74 creatures vanquished.

Vanquished Creatures (collateral kills)
  A gnoll (D:2)
  3 adders (D:2)
  A worm (D:2)
  A giant newt (D:1)
6 creatures vanquished.

Grand Total: 80 creatures vanquished

Notes
Turn   | Place    | Note
--------------------------------------------------------------
     0 | D:1      | M4edhros the Octopode Necromancer began the quest for the Orb.
     0 | D:1      | Reached XP level 1. HP: 11/11 MP: 3/3
   121 | D:1      | Learned a level 1 spell: Animate Skeleton
   124 | D:2      | Found a bloodstained altar of Trog.
   170 | D:1      | Reached skill level 1 in Unarmed Combat
   198 | D:1      | Reached XP level 2. HP: 12/17 MP: 1/5
   273 | D:1      | Reached skill level 2 in Unarmed Combat
   451 | D:2      | Noticed Sigmund
   484 | D:2      | Reached XP level 3. HP: 4/21 MP: 6/6
   493 | D:2      | Learned a level 3 spell: Regeneration
   580 | D:2      | Killed Sigmund
   580 | D:2      | Reached skill level 5 in Unarmed Combat
   580 | D:2      | Reached XP level 4. HP: 11/27 MP: 7/7
   580 | D:2      | Reached XP level 5. HP: 12/31 MP: 8/8
   721 | D:2      | Reached XP level 6. HP: 32/36 MP: 2/9
   897 | D:3      | Reached skill level 6 in Unarmed Combat
   897 | D:3      | Reached skill level 1 in Charms
  1030 | D:3      | Noticed Jessica
  1086 | D:3      | Killed Jessica
  1302 | D:4      | Reached skill level 1 in Short Blades
  1654 | D:3      | Gained mutation: You occasionally shout uncontrollably at your foes. [potion of mutation]
  1654 | D:3      | Gained mutation: You are occasionally teleported next to monsters. [potion of mutation]
  1654 | D:3      | Gained mutation: You are agile. (Dex +2) [potion of mutation]
  1808 | D:4      | Noticed nono's ghost (amateur VSEn)
  1821 | D:4      | Killed nono's ghost
  1821 | D:4      | Reached XP level 7. HP: 19/41 MP: 7/10
  1867 | D:5      | Entered Level 5 of the Dungeon
  2051 | D:6      | Reached skill level 5 in Stealth
  2070 | D:6      | Found a sparkling altar of Nemelex Xobeh.
  2222 | D:6      | Found a basalt altar of Yredelemnul.
  2245 | D:6      | Slain by a wight

Vault maps used:
D:1:      saegor_arrival_under_anarchy, hex_intersection
D:2:      bloody_trog, first_bread, minmay_stone_trees_medium, minmay_cupped,
          uniq_sigmund
D:3:      uniq_jessica
D:5:      old_standard_altar, basic_altar, uniq_pikel
D:6:      lemuel_round_altar, nemelex_xobeh_ov_fountains_minmay

Skill      XL: |  1  2  3  4  5  6  7 |
---------------+----------------------+-----
Unarmed Combat | 1 2 5 6 |  6.0
Charms         | 2 |  2.1
Short Blades   | 2 3 |  3.8
Stealth        | 3 5 |  5.6
Dodging        | |  2.0
Spellcasting   | |  2.0
Necromancy     | |  4.0

Action                   |  1- 3 |  4- 6 |  7- 9 || total
-------------------------+-------+-------+-------++-------
Melee: Short sword       |    25 |    72 |    43 ||   140
       Constrict         |     6 |    14 |     9 ||    29
       Tentacles         |     2 |    11 |     6 ||    19
       Punch             |       |     2 |     2 ||     4
 Fire: Hunting sling     |     4 |       |       ||     4
 Cast: Pain              |    22 |    16 |    14 ||    52
       Animate Skeleton  |     4 |     9 |     1 ||    14
       Regeneration      |     2 |    15 |     9 ||    26
  Use: Scroll            |       |     4 |     2 ||     6
       Potion            |       |     3 |     1 ||     4
 Stab: Sleeping          |     3 |     3 |     3 ||     9
  Eat: Chunk             |       |     6 |     4 ||    10
Armor: Skin              |     2 |     2 |     2 ||     6
Dodge: Dodged            |     8 |    28 |    24 ||    60
